 Dungeon Crawl Stone Soup version 0.28-b1-25-g9875b3fc8c (webtiles) character file.

Game seed: 16113321009794024448

34 lordive the Digger (level 3, -1/19 HPs)
             Began as a Gargoyle Earth Elementalist on Jan 31, 2022.
             Frozen to death by an endoplasm (4 damage)
             ... on level 2 of the Dungeon.
             The game lasted 00:01:37 (1488 turns).

lordive the Digger (Gargoyle Earth Elementalist)    Turns: 1488, Time: 00:01:39

Health: -1/19      AC:  5    Str: 11    XL:     3   Next: 31%
Magic:  4/6        EV: 12    Int: 17    God:
Gold:   44         SH:  0    Dex: 10    Spells: 5/6 levels left

rFire   . . .      SeeInvis .   g - +0 club
rCold   . . .      Faith    .   (no shield)
rNeg    + . .      Spirit   .   b - +0 robe
rPois   ∞          Reflect  .   (no helmet)
rElec   +          Harm     .   (no cloak)
rCorr   .          Rampage  .   (no gloves)
Will    .....                   (no boots)
Stlth   ++........              (no amulet)
HPRegen 0.06/turn               (no ring)
MPRegen 0.10/turn               (no ring)

@: no status effects
A: sickness immunity, AC +3, negative energy resistance 1, electricity
resistance, torment resistance 1, petrification resistance
a: no special abilities


You were on level 2 of the Dungeon.
You visited 1 branch of the dungeon, and saw 2 of its levels.

You collected 44 gold pieces.

Inventory:

Hand Weapons
 g - a +0 club (weapon)
Missiles
 c - 23 stones
Armour
 b - a +0 robe (worn)
Scrolls
 a - a scroll of noise {unknown}
 d - a scroll of vulnerability {unknown}
 e - 3 scrolls of identify {unknown}
 j - a scroll of holy word {unknown}
 l - a scroll of blinking {unknown}
Potions
 f - a potion of flight {unknown}
 h - 3 potions of heal wounds {unknown}
 i - a potion of might {unknown}
 k - a potion of brilliance {unknown}


   Skills:
 + Level 0.8 Maces & Flails
 + Level 1.8 Dodging
 - Level 2.1 Stealth
 + Level 2.4 Spellcasting
 - Level 0.7 Transmutations
 + Level 4.4 Earth Magic


You had 5 spell levels left.
You knew the following spells:

 Your Spells              Type           Power      Damage    Failure   Level
a - Sandblast             Erth           34%        2d9       3%          1

Your spell library contained the following spells:

 Spells                   Type           Power      Damage    Failure   Level
 Passwall                 Tmut/Erth      8%         N/A       10%         2
 Stone Arrow              Conj/Erth      18%        3d8       22%         3
 Petrify                  Tmut/Erth      10%        N/A       54%         4
 Conjure Ball Lightning   Conj/Air       1%         3x3d6     100%        6
 Discord                  Hex            1%         N/A       100%        8
 Disjunction              Tloc           1%         N/A       100%        8


Dungeon Overview and Level Annotations

Branches:
Dungeon (2/15)

Altars:
The Shining One


Innate Abilities, Weirdness & Mutations

You are immune to sickness and miasma.
Your stone body is resilient. (AC +3)
You are immune to poison.
You resist negative energy. (rN+)
You are resistant to electric shocks. (rElec)
You are resistant to unholy torment.
You are immune to petrification.


Message History

Found a stone staircase leading down.
A ball python comes into view.
An adder and a bat come into view.
The adder hisses angrily.
The endoplasm quivers.
The ball python closely misses you. The ball python grabs you.
The ball python constricts you.
The ball python's grasp on you weakens, but your attempt to escape fails.
The ball python bites you. The ball python constricts you.
You escape the ball python's grasp.
There are monsters nearby!
The blast of sand misses the adder.
The blast of sand misses the adder.
The blast of sand hits the ball python!
You kill the ball python!
The adder barely misses you. The adder closely misses you.
The blast of sand hits the adder!
You kill the adder!
The endoplasm freezes you.
You are frozen.
You hit the endoplasm but do no damage. The endoplasm freezes you.
You are frozen.
You hit the endoplasm but do no damage. The endoplasm freezes you.
You are frozen.
The endoplasm barely misses you.
You hit the endoplasm but do no damage. The endoplasm closely misses you.
You hit the endoplasm.
The endoplasm is moderately wounded.
The endoplasm hits you but does no damage.
You hit the endoplasm.
The endoplasm is heavily wounded.
The endoplasm hits you.
You hit the endoplasm but do no damage.
The endoplasm is moderately wounded.
The endoplasm freezes you.
You are frozen.
* * * LOW HITPOINT WARNING * * *
The endoplasm freezes you.
You are frozen.
You die...

.....# .....# ..# .....####
....# .........# ....#
.........####...#
................#
................#
..............###### #
................@J.# .#
...............###.##.#
...............###...>##...
...........................
.........###.....#.........
.........# #.....#.........
.........# #.....#....$....
.........# #.....#.........
.######### #.....#........b


You could see an endoplasm.

Vanquished Creatures
  An adder (D:2)
  A dart slug (D:1)
  A worm (D:2)
  3 endoplasms
  A goblin (D:1)
  A hobgoblin (D:1)
  A kobold (D:1)
  2 quokkas (D:1)
  6 ball pythons
  2 frilled lizards (D:1)
  2 rats (D:1)
21 creatures vanquished.

Notes
Turn   | Place    | Note
-------+----------+-------------------------------------------
     0 | D:1      | lordive the Gargoyle Earth Elementalist began the quest for
                  | the Orb.
     0 | D:1      | Reached XP level 1. HP: 10/10 MP: 3/3
    97 | D:1      | Found a faded altar of an unknown god.
   166 | D:1      | Reached skill level 4 in Earth Magic
   241 | D:1      | Reached XP level 2. HP: 15/15 MP: 3/5
  1129 | D:2      | Found a glowing golden altar of the Shining One.
  1315 | D:2      | Reached XP level 3. HP: 10/19 MP: 6/6
  1488 | D:2      | Frozen to death by an endoplasm

Illustrated notes

Levels and vault maps discovered:
D:1:      minmay_arrival_nine_rooms, layout_loops_ring,
          dreamdust_ecumenical_altar_angels_and_demons
D:2:      layout_basic, serial_shops, shop, basic_altar, minivault_24,
          serial_bayou_crossing

Skill      XL: |  1 |
---------------+----+-----
Earth Magic    | 4 |  4.4
Maces & Flails | |  0.8
Dodging        | |  1.8
Stealth        | |  2.1
Spellcasting   | |  2.4
Transmutations | |  0.7

Action                   || total
-------------------------++-------
Melee: Unarmed           ||     1
       Club              ||    42
       Punch             ||     1
 Cast: Sandblast         ||    19
Armor: Robe              ||    12
Dodge: Dodged            ||    39
